 Dungeon Crawl Stone Soup version 0.28-a0-413-gde365fb1df (webtiles) character file.

Game seed: 13121256903766894146

34646 Demosthentine the Impaler (level 13, -26/109 HPs)
             Began as a Merfolk Gladiator on Sept 7, 2021.
             Was the Champion of the Shining One.
             Killed from afar by a white draconian (31 damage)
             ... with a blast of cold
             ... summoned by an orange crystal statue
             ... in an ice cave.
             The game lasted 00:19:56 (15392 turns).

Demosthentine the Impaler (Merfolk Gladiator)      Turns: 15392, Time: 00:19:57

Health: -26/109    AC: 11    Str: 22    XL:     13   Next: 78%
Magic:  18/18      EV: 26    Int:  7    God:    the Shining One [******]
Gold:   748        SH:  6    Dex: 19    Spells: 12/12 levels left

rFire   . . .      SeeInvis .   a - +1 trident (elec)
rCold   . . .      Faith    .   G - +0 buckler
rNeg    + + +      Spirit   .   O - +0 troll leather armour
rPois   .          Reflect  .   Q - +2 hat {Will+}
rElec   .          Harm     .   f - +1 cloak
rCorr   .          Rampage  .   z - +0 pair of gloves
Will    ++...                   N - +0 pair of boots
Stlth   +.........              i - amulet of regeneration
HPRegen 2.28/turn               B - +4 ring of evasion
MPRegen 0.16/turn               I - +6 ring of strength

@: glowing
A: (nimble swimmer 2), mertail, low mp 1, strong-willed 1, mutation resistance 1
a: Renounce Religion, Divine Shield, Cleansing Flame, Summon Divine Warrior,
Brand Weapon With Holy Wrath


You were in an ice cave.
You worshipped the Shining One.
The Shining One was exalted by your worship.
You visited 2 branches of the dungeon, and saw 16 of its levels.
You also visited: Sewer, Ossuary and Ice Cave.

You collected 1100 gold pieces.
You spent 352 gold pieces at shops.

Inventory:

Hand Weapons
 a - a +1 trident of electrocution (weapon)
 l - a +2 trident of flaming
Missiles
 d - 3 throwing nets (quivered)
Armour
 f - a +1 cloak (worn)
 z - a +0 pair of gloves (worn)
 G - a +0 buckler (worn)
 N - a +0 pair of boots (worn)
 O - a +0 troll leather armour (worn)
 Q - a +2 hat of willpower (worn)
Jewellery
 i - an amulet of regeneration (around neck)
 B - a +4 ring of evasion (left hand)
 I - a +6 ring of strength (right hand)
 L - a +4 ring of protection
 M - a ring of poison resistance
Wands
 t - a wand of iceblast (18)
 A - a wand of acid (8)
 C - a wand of paralysis (9)
 D - a wand of flame (18)
 F - a wand of polymorph (11)
 H - a wand of digging (6)
Scrolls
 g - 3 scrolls of enchant armour
 j - 4 scrolls of immolation
 k - 2 scrolls of summoning
 m - a scroll of blinking
 n - 9 scrolls of teleportation
 q - 3 scrolls of enchant weapon
 r - a scroll of fear
 y - a scroll of magic mapping
 J - 4 scrolls of identify
 K - 2 scrolls of silence
Potions
 e - 2 potions of brilliance
 h - 4 potions of haste
 o - a potion of mutation
 p - 3 potions of heal wounds
 s - 3 potions of attraction
 u - a potion of flight
 v - 2 potions of cancellation
 w - a potion of lignification
 P - a potion of magic


   Skills:
 + Level 12.5 Fighting
 + Level 16.0 Polearms
 - Level 2.0 Throwing
 - Level 5.4 Armour
 + Level 14.8 Dodging
 - Level 4.0 Shields
 + Level 9.8 Invocations


You had 12 spell levels left.
You didn't know any spells.
Your spell library contained the following spells:

 Spells                   Type           Power      Damage    Failure   Level
 Apportation              Tloc           0%         N/A       47%         1
 Sublimation of Blood     Necr           0%         N/A       63%         2
 Wereblood                Tmut           0%         N/A       63%         2
 Olgreb's Toxic Radiance  Pois           0%         N/A       99%         4
 Alistair's Intoxication  Tmut/Pois      0%         N/A       100%        5
 Invisibility             Hex            0%         N/A       100%        6
 Ozocubu's Refrigeration  Ice            0%         4d5       100%        7
 Summon Hydra             Summ           0%         N/A       100%        7
 Ignition                 Fire           0%         3d3       100%        8


Dungeon Overview and Level Annotations

Branches:
Dungeon (15/15)            Temple (1/1) D:4            Lair (0/6) D:8
    Orc (0/2) D:9          Vaults (0/5) D:13         Depths (0/5) D:15
  Sewer (visited)         Ossuary (visited)           IceCv (1/1)

Altars:
Ashenzari
Cheibriados
Dithmenos
Elyvilon
Fedhas
Gozag
Hepliaklqana
Kikubaaqudgha
Makhleb
Nemelex Xobeh
Okawaru
Qazlal
Ru
Sif Muna
Trog
Uskayaw
Vehumet
Wu Jian
Xom
Yredelemnul
Zin
The Shining One

Shops:
D:1 =[   D:8 !*   D:10 :(?   D:11 (   D:14 *

Annotations:
D:5 1 runed translucent door
D:14 3 runed translucent doors, Pesafeac's ghost, journeyman OpCj IceCv exclusion: orange crystal statue


Innate Abilities, Weirdness & Mutations

((You are quick and stealthy near water. (Stealth+, EV+, Speed+++)))
Your lower body shifts to a powerful aquatic tail in water.
Your magical capacity is low. (-10% MP)
You are strong-willed. (Will+)
You are somewhat resistant to further mutation.


Message History

An ice dragon simulacrum comes into view.
Unknown command.
Unknown command.
Unknown command.
The white draconian hits you with a +1 mace of holy wrath!
Unknown command.
You puncture the lindwurm simulacrum!
Lightning courses through the lindwurm simulacrum!!
The lindwurm simulacrum vaporises!
The Shining One accepts your kill.
You feel better.
You hit the golden dragon simulacrum.
The golden dragon simulacrum is lightly damaged.
The white draconian misses you.
You hit the golden dragon simulacrum but do no damage.
Lightning courses through the golden dragon simulacrum!
The golden dragon simulacrum is moderately damaged.
Unknown command.
You hit the golden dragon simulacrum but do no damage.
The golden dragon simulacrum is moderately damaged.
The white draconian hits you with a +1 mace of holy wrath!
The golden dragon simulacrum closely misses you.
You block the golden dragon simulacrum's attack.
The golden dragon simulacrum tramples you!
You hold your ground!
The white draconian hits you with a +0 war axe!!
You puncture the golden dragon simulacrum!
The golden dragon simulacrum is heavily damaged.
The white draconian breathes frost at you.
The blast of cold hits you!!!
* * * LOW HITPOINT WARNING * * *
The blast of cold hits the golden dragon simulacrum.
The golden dragon simulacrum completely resists.
The blast of cold hits the ice dragon simulacrum.
The ice dragon simulacrum completely resists.
You hit the golden dragon simulacrum but do no damage.
The golden dragon simulacrum is heavily damaged.
The white draconian breathes frost at you.
The blast of cold hits you!!
You die...

#...............
##..............
##...........##
##........###
###....###
###..## ##..###
##.Zd######
###d@ZZ..#
####....# ##..#
.


You could see 2 draconians, a lindwurm simulacrum (summoned), an ice dragon
simulacrum and a golden dragon simulacrum.

Vanquished Creatures
  Josephine (D:14)
  2 ice dragons (IceCv)
  A boulder beetle (D:13)
  3 two-headed ogres
  3 centaur warriors (D:13)
  A tengu warrior (D:14)
  The ghost of CraigForest the Grappler, a novice TrFi of Gozag (D:6)
  3 skeletal warriors (D:13)
  A swamp dragon (shapeshifter) (D:15)
  A necromancer (D:13)
  An orc knight (D:15)
  2 ugly things (D:13)
  A mana viper (D:14)
  A moth of wrath (shapeshifter) (D:13)
  A cyclops (D:11)
  2 manticores
  Maurice (D:13)
  A salamander (D:14)
  A naga mage (D:14)
  2 gargoyles
  3 storm dragon simulacra (IceCv)
  A yaktaur (shapeshifter) (D:13)
  A freezing wraith (D:15)
  A komodo dragon (D:13)
  2 kobold demonologists (D:10)
  5 trolls
  A golden dragon simulacrum (IceCv)
  3 meliai (D:14)
  A polar bear (shapeshifter) (D:14)
  A hornet (D:7)
  12 slime creatures
  A wyvern (D:8)
  14 yaks
  A shadow (D:9)
  A tarantella (shapeshifter) (D:14)
  9 wraiths
  A steam dragon (D:6)
  2 vampire mosquitoes (D:11)
  A naga (D:14)
  Menkaure (D:5)
  3 acid dragons
  Duvessa (D:7)
  2 water moccasins
  A sky beast (D:5)
  4 ice dragon simulacra (IceCv)
  2 ice beasts
  5 orc warriors
  3 necrophages
  An ogre (D:5)
  18 centaurs
  4 boggarts (D:14)
  3 kobold brigands
  5 bullfrogs
  2 gnoll sergeants
  3 scorpions
  3 water moccasin zombies (Ossuary)
  2 wyvern skeletons
  Dowan (D:7)
  3 killer bees (D:9)
  2 lindwurm simulacra (IceCv)
  15 wights
  6 howler monkeys
  3 electric eels
  A bullfrog zombie (D:5)
  6 centaur zombies
  A human zombie (D:4)
  2 bullfrog skeletons
  4 hounds
  3 orc priests
  2 centaur skeletons (D:7)
  Ijyb (D:5)
  3 iguanas
  11 orc wizards
  2 scorpion zombies
  A killer bee zombie (D:7)
  4 hound zombies
  2 mummies (Ossuary)
  4 howler monkey zombies
  8 adders
  12 gnolls
  2 river rats (Sewer)
  A shadow imp (D:4)
  A white imp (D:5)
  8 adder zombies (Ossuary)
  2 worms (D:5)
  The ghost of Gmanzz2004 the Sneak, a weakling HuDe (D:5)
  3 dart slugs
  28 orcs
  9 ball pythons
  7 endoplasms
  8 giant cockroaches
  A gnoll zombie (Ossuary)
  6 goblins
  4 hobgoblins
  9 quokkas
  5 bats
  7 frilled lizards
  A hobgoblin zombie (Ossuary)
  23 kobolds
  5 kobold zombies (Ossuary)
  5 orc zombies (Ossuary)
  20 rats
407 creatures vanquished.

Vanquished Creatures (others)
  An orc sorcerer (D:15)
1 creature vanquished.

Grand Total: 408 creatures vanquished

Notes
Turn   | Place    | Note
-------+----------+-------------------------------------------
     0 | D:1      | Demosthentine the Merfolk Gladiator began the quest for the
                  | Orb.
     0 | D:1      | Reached XP level 1. HP: 16/16 MP: 1/1
   130 | D:1      | Reached XP level 2. HP: 22/23 MP: 2/2
   142 | D:1      | Found a faded altar of an unknown god.
   239 | D:1      | Found Jiogosch's Jewellery Boutique.
   514 | D:1      | Found Beede's Antique Armour Boutique.
   991 | D:2      | Reached XP level 3. HP: 26/28 MP: 3/3
  1247 | D:2      | Reached skill level 1 in Armour
  1258 | D:2      | Reached skill level 5 in Polearms
  1817 | D:2      | Reached XP level 4. HP: 30/35 MP: 4/4
  2566 | D:3      | Found a hide-covered altar of Uskayaw.
  2849 | D:3      | Found a blossoming altar of Fedhas.
  3151 | D:4      | Noticed a scorpion
  3161 | D:4      | Killed a scorpion
  3162 | D:4      | Reached skill level 5 in Dodging
  3162 | D:4      | Reached XP level 5. HP: 26/41 MP: 5/5
  3570 | D:4      | Found a staircase to the Ecumenical Temple.
  3580 | Temple   | Entered the Ecumenical Temple
  3734 | D:4      | Noticed a necrophage
  3749 | D:4      | Killed a necrophage
  3750 | D:4      | Reached skill level 6 in Polearms
  3750 | D:4      | Reached XP level 6. HP: 43/48 MP: 6/6
  3811 | D:4      | Found a glowing golden altar of the Shining One.
  3852 | D:4      | Became a worshipper of the Shining One
  3977 | D:4      | Found a shadowy altar of Dithmenos.
  4264 | D:4      | Found an ancient bone altar of Kikubaaqudgha.
  4385 | D:4      | Reached XP level 7. HP: 15/55 MP: 7/7
  4857 | D:4      | Reached skill level 7 in Polearms
  4880 | D:4      | Reached * piety under the Shining One
  5120 | D:5      | Entered Level 5 of the Dungeon
  5161 | D:5      | Reached skill level 5 in Fighting
  5163 | D:5      | Found a glowing drain.
  5180 | Sewer    | Entered a sewer
  5558 | D:5      | Found a sand-covered staircase.
  5563 | D:5      | Reached XP level 8. HP: 62/62 MP: 8/8
  5569 | Ossuary  | Entered an ossuary
  5605 | Ossuary  | Reached ** piety under the Shining One
  5743 | Ossuary  | Reached *** piety under the Shining One
  5752 | Ossuary  | Reached skill level 8 in Polearms
  6001 | D:5      | Found a shimmering altar of Xom.
  6001 | D:5      | Found an iron altar of Okawaru.
  6098 | D:5      | Found a runed translucent door.
  6109 | D:5      | Noticed Ijyb
  6121 | D:5      | Killed Ijyb
  6127 | D:5      | Found a glowing silver altar of Zin.
  6137 | D:5      | Noticed Gmanzz2004's ghost (weakling HuDe)
  6146 | D:5      | Noticed Menkaure
  6155 | D:5      | Killed Menkaure
  6206 | D:5      | Found a runed translucent door.
  6246 | D:5      | Found a broken altar of Ashenzari.
  6465 | D:5      | Reached skill level 9 in Polearms
  6781 | D:5      | Reached XP level 9. HP: 67/71 MP: 9/9
  7081 | D:5      | Killed Gmanzz2004's ghost
  7143 | D:6      | Reached **** piety under the Shining One
  7446 | D:6      | Found a large runed translucent door.
  7447 | D:6      | Found a large runed translucent door.
  7447 | D:6      | Noticed CraigForest's ghost (novice TrFi)
  7917 | D:6      | Killed CraigForest's ghost
  7918 | D:6      | Reached skill level 10 in Polearms
  7993 | D:6      | Reached skill level 5 in Armour
  8189 | D:7      | Noticed Dowan
  8190 | D:7      | Noticed Duvessa
  8192 | D:7      | Killed Dowan
  8211 | D:7      | Killed Duvessa
  8212 | D:7      | Reached XP level 10. HP: 35/80 MP: 10/10
  8319 | D:7      | Reached skill level 10 in Dodging
  8715 | D:7      | Reached skill level 11 in Polearms
  9001 | D:7      | Found a white marble altar of Elyvilon.
  9252 | D:8      | Found a staircase to the Lair.
  9269 | D:8      | Reached skill level 1 in Invocations
  9359 | D:8      | Found Wixias's Assorted Antiques.
  9369 | D:8      | Bought a scroll of blinking for 202 gold pieces
  9432 | D:8      | Found Yroantoy's Distillery.
  9441 | D:8      | Bought a potion of resistance for 150 gold pieces
  9624 | D:8      | Reached ***** piety under the Shining One
 10083 | D:9      | Found an opulent altar of Gozag.
 10223 | D:9      | Reached skill level 12 in Polearms
 10291 | D:9      | Found a shimmering blue altar of Sif Muna.
 10398 | D:9      | Found a sacrificial altar of Ru.
 10573 | D:9      | Found a staircase to the Orcish Mines.
 10746 | D:10     | Entered Level 10 of the Dungeon
 10746 | D:10     | Found Eqooc's Antique Weapon Boutique.
 10765 | D:10     | Reached skill level 1 in Shields
 10765 | D:10     | Reached XP level 11. HP: 85/89 MP: 13/13
 10827 | D:10     | Found Usurch's Magic Scroll Boutique.
 11377 | D:10     | Found Welutikh's Book Shoppe.
 11604 | D:10     | Gained mutation: You tend to lose your temper in combat. [a
                  | neqoxec]
 11616 | D:10     | Noticed a two-headed ogre
 11624 | D:10     | Killed a two-headed ogre
 11804 | D:11     | Reached skill level 5 in Invocations
 11809 | D:11     | Noticed a cyclops
 11818 | D:11     | Killed a cyclops
 11844 | D:11     | Found Kimill's Antique Weapon Emporium.
 11876 | D:11     | Reached skill level 10 in Fighting
 11876 | D:11     | Reached skill level 13 in Polearms
 12014 | D:11     | Noticed a two-headed ogre
 12021 | D:11     | Killed a two-headed ogre
 12415 | D:12     | Reached XP level 12. HP: 94/98 MP: 16/16
 13142 | D:13     | Noticed a centaur warrior
 13157 | D:13     | Killed a centaur warrior
 13175 | D:13     | Lost mutation: You tend to lose your temper in combat.
                  | [potion of mutation]
 13175 | D:13     | Gained mutation: Your magical capacity is low. (-10% MP)
                  | [potion of mutation]
 13175 | D:13     | Gained mutation: You are strong-willed. (Will+) [potion of
                  | mutation]
 13175 | D:13     | Gained mutation: You are somewhat resistant to further
                  | mutation. [potion of mutation]
 13268 | D:13     | Noticed a centaur warrior
 13277 | D:13     | Killed a centaur warrior
 13278 | D:13     | Reached skill level 14 in Polearms
 13416 | D:13     | Reached ****** piety under the Shining One
 13511 | D:13     | Noticed Maurice
 13528 | D:13     | Killed Maurice
 13577 | D:13     | Identified the +2 robe of Syg Vuf {Harm *Corrode rElec
                  | Stlth+}
 13631 | D:13     | Noticed a boulder beetle
 13643 | D:13     | Killed a boulder beetle
 13949 | D:13     | Noticed a centaur warrior
 13950 | D:13     | Noticed a two-headed ogre
 13955 | D:13     | Killed a centaur warrior
 13979 | D:13     | Killed a two-headed ogre
 13980 | D:13     | Reached XP level 13. HP: 106/106 MP: 17/17
 13987 | D:13     | Reached skill level 15 in Polearms
 14047 | D:13     | Found a gate to the Vaults.
 14384 | D:14     | Found a runed translucent gate.
 14385 | D:14     | Found a runed translucent gate.
 14385 | D:14     | Found a runed translucent gate.
 14387 | D:14     | Noticed Pesafeac's ghost (journeyman OpCj)
 14511 | D:14     | Noticed Josephine
 14530 | D:14     | Killed Josephine
 14620 | D:14     | Found Xixynk's Serpentskin Sales.
 15182 | D:15     | Entered Level 15 of the Dungeon
 15193 | D:15     | HP: 1/108 [swamp dragon (shapeshifter)/blast of poison
                  | (14)]
 15201 | D:15     | Found a frozen archway.
 15268 | IceCv    | Entered an ice cave
 15297 | IceCv    | Noticed an ice dragon
 15297 | IceCv    | Noticed an ice dragon
 15324 | IceCv    | Killed an ice dragon
 15338 | IceCv    | Killed an ice dragon
 15367 | IceCv    | Reached skill level 16 in Polearms
 15370 | IceCv    | Noticed a white draconian
 15372 | IceCv    | Noticed a white draconian
 15391 | IceCv    | HP: 4/109 [white draconian/blast of cold[an orange crystal
                  | statue] (44)]
 15392 | IceCv    | Killed from afar by a white draconian

Illustrated notes

Levels and vault maps discovered:
D:1:      lightli_arrival_chessboard, layout_basic,
          hellmonk_ecumenical_altar_crossroads, serial_shops,
          nicolae_shop_competitors_out_of_business, nicolae_shop_statue_plus
D:2:      layout_loops_corners, minivault_23
D:3:      layout_basic, lemuel_round_altar, mainiacjoe_overflow_alcove_2
D:4:      layout_rooms, general_overflow_altar, marbit_many_paths,
          lemuel_mausoleum_altar_kikubaaqudgha,
          minmay_temple_entry_statues_pillars, minmay_crystal_water,
          minmay_misc_feat_iff
D:5:      layout_basic, cheibrodos_ashenzari_chains, zin_statuary,
          jmf_multi_god_temple, gup_sewer_entry_pipe, ebering_ghost_sewer_f,
          chequers_ossuary_entry_cave, uniq_ijyb, uniq_menkaure
D:6:      layout_loops_cross, ebering_ghost_disaster_area
D:7:      kb_forest_paths, layout_basic, nicolae_elyvilon_temple_path,
          chequers_jeans, grunt_ministairs_12, uniq_duvessa
D:8:      layout_basic, lair_entry_dummy, serial_shops, nicolae_lakefront_shop,
          nicolae_square_shop
D:9:      layout_small_grid, hangedman_ru_absence, led_sif_pool,
          amcnicky_altar_gilded, orc_0_dummy, centaur_isle
D:10:     layout_loops_corners, serial_shops, shop_fountains,
          nicolae_shop_waterfront, nicolae_shop_waterfront,
          kennysheep_small_circle
D:11:     layout_cave_pools, serial_shops, nicolae_shop_stone
D:12:     layout_roguey, eino_tiny_chamber
D:13:     layout_basic, david_vaults_1, st_stairs_3, uniq_maurice
D:14:     layout_gridville, grunt_decor_fettered, gammafunk_ghost_necromancy,
          guppyfry_shop_venom, uniq_josephine
D:15:     gammafunk_depths_entry_grave, layout_gridville, serial_shops, shop,
          portal_ice_cave_entry_pillars_three, minmay_fountain_box,
          hangedman_decor_clover_reticule, minivault_11, fedhas_altar_2
Temple:   nicolae_temple_figure_zero
IceCv:    ice_cave_small_dragons

Skill      XL: |  1  2  3  4  5  6  7  8  9 10 11 12 13 |
---------------+----------------------------------------+-----
Armour         | 1 2 3 4 5 |  5.4
Polearms       | 5 6 7 9 10 12 13 14 16 | 16.0
Fighting       | 3 4 5 6 7 9 10 11 12 | 12.5
Dodging        | 5 6 7 8 9 11 12 13 14 | 14.8
Invocations    | 3 6 8 9 |  9.8
Shields        | 1 4 |  4.0
Throwing       | |  2.0

Action                   |  1- 3 |  4- 6 |  7- 9 | 10-12 | 13-15 || total
-------------------------+-------+-------+-------+-------+-------++-------
Melee: Trident           |   124 |   157 |   436 |   664 |   307 ||  1688
       Tailslap          |       |       |     5 |     1 |       ||     6
Throw: Throwing net      |       |     1 |     3 |       |       ||     4
Invok: Divine Shield     |       |       |       |     1 |       ||     1
  Use: Scroll            |     2 |     2 |    13 |     5 |     5 ||    27
       Potion            |       |     5 |     2 |     1 |     6 ||    14
 Stab: Sleeping          |       |     4 |       |       |       ||     4
       Held in net/web   |       |     2 |       |       |       ||     2
Armor: Leather armour    |    38 |    22 |    66 |    50 |       ||   176
       Troll leather arm |       |       |       |    18 |    35 ||    53
Dodge: Dodged            |    84 |    90 |   189 |   453 |   234 ||  1050
Block: Other             |       |       |       |     7 |       ||     7
       Buckler           |       |       |       |    34 |    72 ||   106

Table legend: (Time is in decaauts)
 A = Elapsed time spent in this place.
 B = Non-inter-level travel time spent in this place.
 C = Inter-level travel time spent in this place.
 D = Time resting spent in this place.
 E = Time spent auto-exploring this place.
 F = Levels seen in this place.
 G = Mean time per level.
                   A        B        C        D        E       F      G
               +--------+--------+--------+--------+--------+-----+--------+
         Total |  14951 |  14434 |    517 |     95 |  11618 |  19 |  786.9 |
       Dungeon |  14188 |  13671 |    517 |     95 |  11193 |  15 |  945.9 |
        Temple |    151 |    151 |      0 |      0 |    140 |   1 |  151.0 |
         Sewer |    293 |    293 |      0 |      0 |    158 |   1 |  293.0 |
       Ossuary |    223 |    223 |      0 |      0 |    113 |   1 |  223.0 |
      Ice Cave |     93 |     93 |      0 |      0 |     14 |   1 |   93.0 |
               +--------+--------+--------+--------+--------+-----+--------+

Top non-repeatable levels by time:
     D:4: 1836 daAuts
     D:5: 1398 daAuts
     D:2: 1353 daAuts
     D:7: 1115 daAuts
    D:14: 1022 daAuts
    D:10: 988 daAuts
    D:13: 982 daAuts
     D:1: 954 daAuts
     D:6: 899 daAuts
     D:3: 823 daAuts
     D:9: 806 daAuts
     D:8: 692 daAuts
    D:12: 644 daAuts
    D:11: 604 daAuts
   Sewer: 293 daAuts
